 Dungeon Crawl Stone Soup version 0.31-a0-948-gf5be29c462 (webtiles) character file.

Game seed: 5339255814752088890

2370 BinkBink the Gusty (level 9, -1/57 HPs)
             Began as a Demonspawn Air Elementalist on Oct 20, 2023.
             Was a Follower of Qazlal.
             Shot with a sling bullet by Joseph (4 damage)
             ... on level 8 of the Dungeon.
             The game lasted 00:28:33 (9850 turns).

BinkBink the Gusty (Demonspawn Air Elementalist)    Turns: 9850, Time: 00:28:33

Health: -1/57      AC: 13    Str:  9    XL:     9   Next: 21%
Magic:  3/27       EV: 13    Int: 21    God:    Qazlal [*.....]
Gold:   342        SH:  5    Dex: 15    Spells: 7/20 levels left

rFire   + . .        u - +0 short sword
rCold   . . .        (no shield)
rNeg    . . .        A - +1 steam dragon scales
rPois   .            (no helmet)
rElec   .            c - +2 cloak
rCorr   .            (no gloves)
SInv    +            (no boots)
Will    .....        (no amulet)
Stlth   ++           l - ring "Tanne" {MP+9 Dex+2 SInv}
HPRegen 0.29/turn    (no ring)
MPRegen 0.20/turn

%: no passive effects
@: about to teleport, slightly contaminated
A: molten scales 3, powered by death 1, condensation shield, weakness stinger 1
a: Renounce Religion


You were on level 8 of the Dungeon.
You worshipped Qazlal.
Qazlal was aware of your devotion.
You visited 2 branches of the dungeon, and saw 9 of its levels.
You also visited: Sewer.

You collected 342 gold pieces.

Inventory:

Hand Weapons
 g - a +0 long sword
 u - a +0 short sword (weapon)
Armour
 c - a +2 cloak (worn)
 A - +1 steam dragon scales (worn)
Magical Staves
 y - a staff of fire
Jewellery
 l - the ring "Tanne" (left hand) {MP+9 Dex+2 SInv}
   (You found it on level 2 of the Dungeon)

   [ring of magical power]

   Dex+2:     It affects your dexterity (+2).
   MP+9:      It affects your magic capacity (+9).
   SInv:      It lets you see invisible.
 r - a ring of ice
Wands
 j - a wand of iceblast (18)
Scrolls
 e - a scroll of noise
 h - 3 scrolls of teleportation
 p - 2 scrolls of revelation {unknown}
 s - a scroll of torment {unknown}
 v - a scroll of enchant weapon {unknown}
 x - a scroll of amnesia {unknown}
 z - a scroll of blinking {unknown}
 B - a scroll of immolation {unknown}
Potions
 a - a potion of ambrosia {unknown}
 b - a potion of magic
 d - a potion of attraction {unknown}
 f - 5 potions of curing
 i - 3 potions of mutation
 k - 2 potions of lignification
 m - 3 potions of degeneration
 n - a potion of cancellation
 o - a potion of haste {unknown}
 q - a potion of heal wounds {unknown}
 t - a potion of enlightenment {unknown}
 w - a potion of brilliance {unknown}


   Skills:
 + Level 4.2 Dodging
 - Level 1.7 Stealth
 + Level 6.1 Spellcasting
 + Level 6.3 Conjurations
 + Level 6.3 Air Magic
 + Level 3.1 Earth Magic


You had 7 spell levels left.
You knew the following spells:

 Your Spells              Type           Power      Damage    Failure   Level
a - Shock                 Conj/Air       100%       1d9       1%          1
b - Swiftness             Air            33%        N/A       2%          3
c - Brom's Barrelling Bo  Conj/Erth      26%        2d5       14%         4
d - Fireball              Conj/Fire      9%         3d6       58%         5

Your spell library contained the following spells:

 Spells                   Type           Power      Damage    Failure   Level
 Static Discharge         Conj/Air       66%        3-6/arc   1%          2
 Airstrike                Air            16%        2d(3-19)  7%          4
 Ensorcelled Hibernation  Hex/Ice        12%        N/A       14%         2
 Jinxbite                 Hex            12%        N/A       14%         2
 Sublimation of Blood     Necr           6%         N/A       14%         2
 Iskenderun's Battlesphe  Conj           33%        2d9       21%         5
 Petrify                  Tmut/Erth      13%        N/A       45%         4
 Irradiate                Conj/Tmut      9%         3d14      58%         5
 Anguish                  Hex/Necr       3%         N/A       67%         4
 Cause Fear               Hex            3%         N/A       67%         4
 Olgreb's Toxic Radiance  Pois           6%         N/A       67%         4
 Conjure Ball Lightning   Conj/Air       16%        3x3d6     73%         6
 Orb of Destruction       Conj           16%        9d7       99%         7
 Enfeeble                 Hex            3%         N/A       100%        7
 Discord                  Hex            3%         N/A       100%        8
 Ignition                 Fire           3%         3d4       100%        8


Dungeon Overview and Level Annotations

Branches:
Dungeon (8/15)             Temple (1/1) D:7           Sewer (visited)
   Lair: D:8-11

Altars:
Cheibriados
Dithmenos
Fedhas
Gozag
Hepliaklqana
Kikubaaqudgha
Makhleb
Nemelex Xobeh
Okawaru
Qazlal
Ru
Sif Muna
Trog
Uskayaw
Wu Jian

Shops:
D:7 ?*(!

Annotations:
D:8 Joseph


Innate Abilities, Weirdness & Mutations

You are completely covered in molten scales. (AC +4, rF+)
You regenerate a little health from kills.
A meltable shield of frost defends you. (SH +4)
You have a small tail.


Message History

* * * LOW HITPOINT WARNING * * *
Okay, then.
Okay, then.
Casting: Brom's Barrelling Boulder (dangerous; 14% risk of failure)
Confirm with . or Enter, or press ? or * to list all spells.
Aiming: Brom's Barrelling Boulder (dangerous; 14% risk of failure)
Press: ? - help, Dir - move target You send a boulder barrelling forward!
Joseph shoots a sling bullet.
The sling bullet hits your boulder!
Your boulder slams into a wall and explodes!
Casting: Brom's Barrelling Boulder (dangerous; 14% risk of failure)
Confirm with . or Enter, or press ? or * to list all spells.
Aiming: Brom's Barrelling Boulder (dangerous; 14% risk of failure)
Press: ? - help, Dir - move target, f - Joseph
Aim: Joseph, wielding a +0 sling and wearing a +0 ring mail (100% to hit)
You miscast Brom's Barrelling Boulder.
You are lightly contaminated with residual magic.
You are blasted with sand.
Joseph shoots a sling bullet.
The sling bullet barely misses you.
Casting: Brom's Barrelling Boulder (dangerous; 14% risk of failure)
Confirm with . or Enter, or press ? or * to list all spells.
Aiming: Brom's Barrelling Boulder (dangerous; 14% risk of failure)
Press: ? - help, Dir - move target, f/p - Joseph
Aim: Joseph, wielding a +0 sling and wearing a +0 ring mail (100% to hit)
You miscast Brom's Barrelling Boulder.
You are lightly contaminated with residual magic.
Nothing appears to happen.
Joseph says, "I'm here to kill trespassers.
I like my job."
Joseph shoots a sling bullet.
The sling bullet closely misses you.
Casting: Brom's Barrelling Boulder (dangerous; 14% risk of failure)
Confirm with . or Enter, or press ? or * to list all spells.
You don't have enough magic to cast this spell.
Joseph shoots a sling bullet.
The sling bullet hits you but does no damage.
Joseph shoots a sling bullet.
The sling bullet hits you.
* * * LOW HITPOINT WARNING * * *
As you read the scroll of teleportation, it crumbles to dust.
You feel strangely unstable.
Joseph shoots a sling bullet.
The sling bullet hits you.
You die...

#....#
#..#@#
...####..#.#
.......†.#.#
#....##.##.#
#... #..#.#
#.. #..#.#
#. #@!#.# #
#.@...○#@#
......*.#.#
#..###..#.#
.. ...#.# #
....#.#
....#.#
##..##.# #.#
#.#


You could see Joseph.

Vanquished Creatures
  2 steam dragons (D:7)
  2 orc warriors (D:7)
  3 sky beasts (D:7)
  An ogre (D:5)
  2 centaurs (D:6)
  A phantom (D:5)
  2 bullfrogs (Sewer)
  4 scorpions
  A howler monkey (D:8)
  6 hounds
  2 orc priests
  2 iguanas (D:6)
  8 orc wizards
  3 gnolls (D:5)
  16 adders
  5 river rats (Sewer)
  A shadow imp (D:6)
  A white imp (D:7)
  6 ufetubi
  2 worms (D:4)
  A dart slug (D:2)
  23 orcs
  10 endoplasms
  4 giant cockroaches
  8 goblins
  11 hobgoblins
  14 jackals
  5 quokkas
  22 ball pythons
  2 bats (D:2)
  4 frilled lizards
  7 kobolds
  32 rats
213 creatures vanquished.

Vanquished Creatures (collateral kills)
  3 boulders (D:7)
3 creatures vanquished.

Vanquished Creatures (others)
  3 boulders
3 creatures vanquished.

Grand Total: 219 creatures vanquished

Notes
Turn   | Place    | Note
-------+----------+-------------------------------------------
     0 | D:1      | BinkBink the Demonspawn Air Elementalist began the quest
                  | for the Orb.
     0 | D:1      | Reached XP level 1. HP: 13/13 MP: 3/3
   368 | D:1      | Gained mutation: You are partially covered in molten
                  | scales. (AC +2) [demonic ancestry]
   368 | D:1      | Reached XP level 2. HP: 18/19 MP: 1/5
  1120 | D:2      | Reached XP level 3. HP: 24/24 MP: 0/6
  2018 | D:2      | Identified the ring "Tanne" {MP+9 Dex+2 SInv}
  2202 | D:3      | Gained mutation: You are mostly covered in molten scales.
                  | (AC +3) [demonic ancestry]
  2202 | D:3      | Reached XP level 4. HP: 30/30 MP: 8/8
  2272 | D:3      | Found a glowing drain.
  2317 | Sewer    | Entered a sewer
  3184 | Sewer    | Gained mutation: You regenerate a little health from kills.
                  | [demonic ancestry]
  3184 | Sewer    | Reached XP level 5. HP: 35/35 MP: 9/9
  3621 | Sewer    | Gained mutation: You are completely covered in molten
                  | scales. (AC +4, rF+) [demonic ancestry]
  3621 | Sewer    | Reached XP level 6. HP: 14/41 MP: 6/11
  3770 | Sewer    | Learned a level 3 spell: Swiftness
  5335 | D:4      | Found a shadowy altar of Dithmenos.
  5505 | D:4      | Gained mutation: A meltable shield of frost defends you.
                  | (SH +4) [demonic ancestry]
  5505 | D:4      | Reached XP level 7. HP: 46/46 MP: 12/13
  6024 | D:4      | Identified the +0 chain mail of Uxaluto {rN+ Will- Int+4
                  | Stlth+}
  6196 | D:5      | Entered Level 5 of the Dungeon
  6254 | D:5      | Found a sparkling altar of Nemelex Xobeh.
  6360 | D:5      | Reached skill level 5 in Air Magic
  6868 | D:5      | Reached skill level 5 in Spellcasting
  6868 | D:5      | Reached skill level 5 in Conjurations
  7274 | D:5      | Identified a scroll of acquirement
  7274 | D:5      | Acquired a book of the Spheres
  7281 | D:5      | Learned a level 4 spell: Brom's Barrelling Boulder
  7404 | D:6      | Gained mutation: You have a small tail. [demonic ancestry]
  7404 | D:6      | Reached XP level 8. HP: 48/52 MP: 15/15
  7473 | D:6      | Reached skill level 1 in Earth Magic
  7875 | D:6      | You fall into a shaft and drop 1 floor!
  7895 | D:7      | Found Tow Zafy's Magic Scroll Shop.
  7975 | D:7      | Found a staircase to the Ecumenical Temple.
  7981 | Temple   | Entered the Ecumenical Temple
  7991 | Temple   | Became a worshipper of Qazlal Stormbringer
  8310 | D:7      | Found Toygigyr's General Store.
  8370 | D:7      | Found Liaza's Antique Weapon Shoppe.
  8978 | D:7      | Learned a level 5 spell: Fireball
  9061 | D:7      | Found Hienudoe's Distillery.
  9218 | D:7      | Reached XP level 9. HP: 54/57 MP: 17/17
  9403 | D:7      | Reached * piety under Qazlal
  9825 | D:8      | Noticed Joseph
  9850 | D:8      | Shot with a sling bullet by Joseph

Illustrated notes

Levels and vault maps discovered:
D:1:      lordsloth_arrival_two_stooges, layout_basic
D:2:      layout_basic
D:3:      layout_basic, portal_sewer_entry_f
D:4:      layout_basic, nicolae_dithmenos_the_darkroom
D:5:      layout_gridville, nemelex_spade_bored_becter,
          nicolae_elyvilon_peaceful_grove
D:6:      layout_gridville, general_overflow_altar, st_stairs_12,
          kennysheep_crisscross
D:7:      layout_basic, minmay_temple_entry_hall, serial_shops,
          nicolae_take_the_stairs, nicolae_shop_real_fake_doors, shop,
          nicolae_shop_tiny_statue_garden, hangedman_misty_isle
D:8:      statuecave_lemuel, layout_basic, water_boxes_lemuel, uniq_joseph
Temple:   nicolae_temple_great_sept

Skill      XL: |  1  2  3  4  5  6  7  8  9 |
---------------+----------------------------+-----
Air Magic      | 3 4 5 6 |  6.3
Conjurations   | 2 3 4 5 6 |  6.3
Spellcasting   | 3 4 5 6 |  6.1
Dodging        | 2 4 |  4.2
Earth Magic    | 2 3 |  3.1
Stealth        | |  1.7

Action                     |  1- 3 |  4- 6 |  7- 9 || total
---------------------------+-------+-------+-------++-------
  Melee: Unarmed           |     2 |       |       ||     2
   Cast: Shock             |    83 |   175 |   255 ||   513
         Swiftness         |       |       |     3 ||     3
         Brom's Barrelling |       |       |     8 ||     8
    Use: Scroll            |       |    10 |     6 ||    16
         Potion            |       |       |     1 ||     1
 Armour: Robe              |    20 |    24 |    79 ||   123
         Steam dragon scal |       |       |    16 ||    16
  Dodge: Dodged            |    18 |    19 |    83 ||   120
  Block: Other             |       |       |    21 ||    21

Table legend: (Time is in decaauts)
 A = Elapsed time spent in this place.
 B = Non-inter-level travel time spent in this place.
 C = Inter-level travel time spent in this place.
 D = Time resting spent in this place.
 E = Time spent auto-exploring this place.
 F = Levels seen in this place.
 G = Mean time per level.
                   A        B        C        D        E       F      G
               +--------+--------+--------+--------+--------+-----+--------+
         Total |   9893 |   9615 |    278 |   1658 |   6628 |  10 |  989.3 |
       Dungeon |   8078 |   7809 |    269 |    571 |   6110 |   8 | 1009.8 |
        Temple |    323 |    314 |      9 |    300 |      0 |   1 |  323.0 |
         Sewer |   1491 |   1491 |      0 |    787 |    517 |   1 | 1491.0 |
               +--------+--------+--------+--------+--------+-----+--------+

Top non-repeatable levels by time:
     D:2: 1696 daAuts
     D:7: 1506 daAuts
   Sewer: 1491 daAuts
     D:3: 1127 daAuts
     D:5: 1117 daAuts
     D:1: 1024 daAuts
     D:4: 903 daAuts
     D:6: 557 daAuts
  Temple: 323 daAuts
     D:8: 145 daAuts
